Map: Fields of Death

Players

Focalor

  • Race: Zerg Zerg
  • League: Diamond

BløødFury

  • Race: Terran Terran
  • League: Gold

Hindulaatti - Winner!

  • Race: Zerg Zerg
  • League: Diamond

JohnMcClane - Winner!

  • Race: Protoss Protoss
  • League: Gold

VOD

Have the link to the VOD?

Description

Time

  • Played on: Feb. 10, 2016, 12:58 p.m.
  • Length: 20:20
Show
View Real Time Build Order
Export as new Build Order

Focalor Zerg 

Build Orders: Hatch First, Lurkers 

Get SALT Encoding   

  12  0:00  Drone  
  13  0:12  Overlord  
  13  0:20  Drone  
  14  0:30  Drone  
  14  0:31  Drone  
  14  0:34  Drone  
  17  0:53  Hatchery  
  17  0:56  Drone  
  17  1:02  Drone  
  18  1:05  Extractor  
  17  1:16  Spawning Pool  
  17  1:18  Drone  
  17  1:23  Drone  
  18  1:32  Drone  
  19  1:38  Drone  
  20  1:49  Overlord  
  20  2:05  Queen x2  
  24  2:13  Metabolic Boost  
  24  2:15  Drone x3  
  25  2:17  Drone  
  28  2:23  Zergling x2  
  29  2:33  Drone  
  29  2:34  Drone  
  31  2:37  Overlord  
  31  2:47  Zergling x2  
  32  2:52  Drone  
  32  2:58  Drone  
  34  3:07  Hatchery  
  33  3:14  Drone x3  
  35  3:36  Drone  
  35  3:37  Drone x6  
  42  3:41  Extractor  
  42  3:42  Roach Warren  
  40  3:58  Lair  
  40  4:02  Extractor  
  38  4:03  Drone x2  
  38  4:04  Drone  
  38  4:05  Drone x3, Extractor  
  38  4:07  Overlord x2  
  43  4:22  Roach x3  
  48  4:34  Roach  
  48  4:35  Roach  
  48  4:37  Overlord x3  
  51  4:53  Queen  
  51  4:54  Overlord x3  
  51  4:55  Roach  
  51  4:56  Roach  
  57  5:09  Roach  
  57  5:10  Roach x4  
  69  5:21  Roach  
  69  5:22  Roach x3  
  75  5:29  Drone  
  75  5:30  Drone x2  
  75  5:32  Drone  
  75  5:33  Drone  
  80  5:37  Glial Reconstitution  
  80  5:40  Evolution Chamber  
  79  5:45  Spore Crawler x2  
  79  5:48  Spore Crawler, Overseer  
  76  6:12  Zerg Missile Weapons Level 1  
  76  6:16  Drone x8  
  76  6:17  Drone x7, Evolution Chamber  
  90  6:21  Drone, Extractor x2  
  90  6:22  Drone x2  
  91  6:33  Hydralisk Den  
  90  6:44  Drone  
  90  6:45  Drone x5  
  96  6:47  Zerg Ground Armor Level 1  
  96  6:58  Overlord x3  
  96  6:59  Overlord  
  96  7:06  Roach  
  96  7:07  Roach x4  
  106  7:12  Lurker Den  
  106  7:21  Roach  
  106  7:22  Roach x4  
  116  7:26  Roach x2  
  116  7:27  Roach  
  120  7:44  Queen  
  122  7:56  Roach x2  
  122  7:57  Roach x6  
  138  7:59  Overlord x4  
  138  8:24  Roach  
  138  8:25  Roach x13  
  156  9:06  Hatchery  
  156  9:08  Overlord x5  
  153  9:19  Hydralisk x2  
  153  9:20  Hydralisk x6  
  169  9:34  Zerg Ground Armor Level 2, Zerg Missile Weapons Level 2  
  169  9:39  Hydralisk  
  169  9:40  Hydralisk x7  
  185  10:17  Lurker x4  
  185  10:18  Lurker  
  185  10:20  Lurker  
  166  11:04  Roach x15  
  163  11:05  Roach x6  
  149  11:28  Hydralisk  
  149  11:29  Hydralisk x13  
  139  11:39  Overseer x2  
  133  11:50  Drone, Extractor  
  133  11:51  Drone x7  
  133  11:52  Extractor  
  139  12:05  Infestation Pit  
  136  12:18  Drone x11  
  136  12:19  Drone x5  
  152  12:33  Lurker x7  
  159  12:41  Hatchery  
  158  12:47  Hive  
  158  12:59  Roach  
  158  13:00  Roach x14  
  182  13:46  Roach x6  
  182  13:47  Roach x3  
  167  14:06  Hydralisk  
  167  14:07  Hydralisk x19  
  181  14:40  Drone x3  
  181  14:41  Drone x11  
  195  14:46  Zerg Missile Weapons Level 3  
  195  14:47  Zerg Ground Armor Level 3  
  195  14:57  Hatchery  
  188  15:20  Queen  
  188  15:31  Extractor x2  
  186  15:42  Spire  
  185  15:51  Roach  
  185  15:52  Roach x6  
  65  16:57  Mutalisk x12  
  65  16:58  Mutalisk  
  81  17:35  Pneumatized Carapace  
  81  17:38  Overseer  
  81  17:39  Overseer  
  81  17:48  Zergling x24  
  93  18:13  Zergling x2  
  93  18:14  Zergling x10  
  99  18:27  Hatchery  
  99  18:28  Mutalisk  
  99  18:29  Mutalisk x3  
  106  18:37  Hatchery  
  104  19:00  Roach x4  
  104  19:01  Roach x3  
  118  19:27  Zergling x2  
  118  19:28  Zergling x20  
  126  19:48  Zergling x12  
Show
View Real Time Build Order
Export as new Build Order

BløødFury Terran 

Build Orders: Reaper Expand 

Get SALT Encoding   

  12  0:01  SCV  
  13  0:13  SCV  
  14  0:19  Supply Depot  
  14  0:25  SCV  
  15  0:30  Refinery  
  15  0:41  SCV  
  16  0:45  Barracks  
  16  0:53  SCV  
  17  1:05  SCV  
  18  1:14  Refinery  
  19  1:18  SCV  
  19  1:32  Orbital Command  
  19  1:33  Reaper  
  20  1:55  Command Center  
  20  2:00  SCV  
  21  2:06  Barracks Reactor  
  21  2:16  SCV  
  21  2:20  Factory  
  22  2:28  SCV  
  23  2:38  Supply Depot  
  23  3:00  Marine x2, SCV  
  25  3:06  Starport, Widow Mine  
  25  3:07  Supply Depot  
  27  3:16  Orbital Command  
  27  3:27  Marine x2  
  27  3:30  Bunker  
  29  3:37  Factory Tech Lab  
  29  3:42  SCV x2  
  31  3:54  SCV x2  
  32  4:03  Engineering Bay  
  32  4:06  SCV  
  31  4:27  Marine x2  
  31  4:29  Siege Tank  
  31  4:30  Medivac  
  34  4:34  SCV  
  34  4:35  SCV  
  36  4:45  Marine x2  
  36  4:47  SCV x2  
  37  4:59  SCV x2  
  37  5:03  Marine x2  
  39  5:11  SCV x2  
  39  5:12  Medivac, Siege Tank  
  46  5:21  Barracks  
  46  5:23  SCV x2  
  46  5:26  Marine x2  
  45  5:56  Missile Turret  
  44  6:00  Missile Turret  
  44  6:03  SCV x2  
  38  6:15  SCV x2  
  38  6:27  SCV x2  
  38  6:44  Marine x2  
  38  6:45  Siege Tank  
  38  6:46  Medivac  
  38  6:51  SCV x2  
  39  7:02  Marine x2  
  39  7:03  SCV  
  39  7:04  SCV  
  39  7:05  Terran Infantry Weapons Level 1  
  39  7:06  Missile Turret  
  43  7:15  SCV  
  43  7:16  Starport Reactor  
  43  7:20  Marine x2  
  43  7:21  Siege Tank  
  49  7:46  Liberator  
  49  7:47  Marine  
  49  7:48  Marine  
  49  7:49  Barracks Tech Lab  
  54  8:06  Refinery  
  54  8:09  Refinery  
  54  8:12  Marine x2  
  56  8:20  Supply Depot  
  56  8:21  Supply Depot  
  56  8:23  Supply Depot x2  
  56  8:26  Marine  
  57  8:29  Combat Shields  
  57  8:30  Marine  
  54  8:41  SCV  
  54  8:42  SCV  
  56  8:54  SCV x2  
  58  8:56  Liberator  
  58  9:14  Marine x3  
  64  9:29  Siege Tank  
  67  9:32  Marine x2  
  67  9:37  Marine  
  70  10:13  Marine x2  
  70  10:14  Marine, Siege Tank  
  73  10:15  Medivac  
  54  10:49  Marine x3  
  50  10:50  Medivac x2  
  50  10:52  SCV x2  
  56  11:04  SCV x2  
  58  11:07  Marine x2  
  57  11:16  SCV x2  
  49  11:25  Marine x3  
  47  11:26  Medivac x2  
  47  11:28  SCV x2  
  53  11:37  Refinery  
  50  11:40  SCV x2  
  52  11:52  SCV x2  
  52  11:53  Marine x3, Siege Tank  
  60  12:18  Marine x3  
  67  12:27  Medivac x2  
  67  12:29  Siege Tank  
  70  12:36  Marine x3  
  73  12:41  Terran Infantry Armor Level 1  
  73  12:54  Armory  
  73  13:13  Medivac, Siege Tank  
  73  13:14  Marine x3  
  61  13:32  Marine x2  
  58  13:45  Siege Tank  
  57  13:54  Marine x2  
  57  13:57  Terran Vehicle Weapons Level 1  
  57  14:11  Marine  
  57  14:14  Marine  
  42  14:32  SCV x2  
  44  14:41  Marine  
  44  14:42  Marine  
  44  14:44  SCV x2  
  48  14:56  SCV x2  
  50  15:08  SCV x2  
  39  16:10  Barracks  
  36  16:11  Barracks  
  26  16:59  Starport  
  26  17:00  Barracks Reactor  
  26  17:01  Barracks Tech Lab  
  20  17:36  SCV x2  
  22  17:42  Marine x2  
  23  17:54  Starport Reactor  
  23  17:57  Starport Tech Lab  
  22  18:00  Marine x2  
  22  18:01  Terran Infantry Weapons Level 2  
  22  18:04  Barracks Reactor  
  24  18:06  Siege Tank  
  27  18:17  Marine  
  27  18:18  Marine  
  27  18:19  SCV  
  30  18:35  Marine x2  
  30  18:40  Barracks  
  32  18:41  Barracks  
  32  18:45  Marine x2  
  34  18:52  Siege Tank  
  34  18:53  Raven, Marine x2  
  41  19:03  Marine x2  
  43  19:12  Marine x2  
  45  19:20  Marine  
  46  19:35  Supply Depot  
  46  19:38  Supply Depot  
  46  19:40  Supply Depot  
  46  19:56  Marine x3  
  46  19:59  Supply Depot  
Show
View Real Time Build Order
Export as new Build Order

Hindulaatti Zerg - Winner!

Build Orders: Hatch First 

Get SALT Encoding   

  12  0:01  Drone  
  13  0:09  Drone  
  14  0:17  Overlord  
  14  0:36  Drone x2  
  14  0:37  Drone  
  17  0:48  Drone  
  18  0:58  Hatchery  
  18  1:01  Drone  
  18  1:16  Spawning Pool  
  18  1:17  Drone  
  18  1:21  Drone  
  18  1:25  Extractor  
  18  1:30  Drone  
  19  1:41  Drone  
  20  1:52  Overlord  
  20  2:02  Drone  
  21  2:09  Queen  
  21  2:10  Queen  
  21  2:11  Drone  
  21  2:15  Drone  
  27  2:21  Drone  
  28  2:28  Metabolic Boost  
  28  2:31  Drone  
  28  2:32  Roach Warren  
  28  2:33  Zergling x2  
  29  2:38  Drone  
  29  2:43  Drone  
  31  2:49  Drone  
  32  2:55  Drone  
  32  2:57  Drone  
  34  3:05  Overlord  
  34  3:06  Queen  
  36  3:14  Hatchery  
  35  3:24  Overlord  
  35  3:31  Roach x3  
  35  3:32  Overlord, Roach  
  43  3:39  Drone  
  44  3:42  Lair  
  44  4:01  Zergling x2  
  45  4:04  Roach x2  
  49  4:10  Drone  
  49  4:11  Drone x6  
  49  4:14  Overlord  
  56  4:29  Drone  
  56  4:30  Drone x8  
  64  4:38  Drone, Extractor  
  63  4:39  Drone x2, Extractor x2  
  64  4:47  Drone  
  64  4:48  Drone  
  64  4:50  Ravager  
  67  4:55  Ravager  
  67  4:59  Ravager  
  71  5:00  Ravager x2  
  71  5:02  Roach  
  71  5:03  Drone  
  71  5:04  Overlord x3  
  74  5:14  Evolution Chamber  
  74  5:16  Drone  
  74  5:20  Evolution Chamber  
  73  5:28  Overlord x2  
  73  5:29  Overlord x2  
  73  5:39  Drone  
  73  5:40  Drone x12  
  86  5:43  Drone  
  87  6:01  Zerg Ground Armor Level 1, Zerg Missile Weapons Level 1  
  87  6:02  Glial Reconstitution  
  87  6:06  Pneumatized Carapace  
  87  6:07  Burrow  
  87  6:13  Zergling x2  
  87  6:14  Zergling x10  
  87  6:15  Zergling x2  
  87  6:17  Roach  
  87  6:18  Roach x4  
  104  6:22  Extractor x2  
  102  6:44  Roach x6  
  102  6:45  Roach x6  
  124  6:55  Spore Crawler, Infestation Pit  
  124  6:58  Spore Crawler  
  124  6:59  Spore Crawler  
  121  7:01  Spore Crawler  
  121  7:02  Spine Crawler  
  121  7:08  Spore Crawler, Roach  
  121  7:09  Spore Crawler, Roach x5  
  121  7:11  Ravager  
  121  7:13  Overlord  
  130  7:27  Baneling Nest  
  130  7:28  Drone  
  130  7:39  Tunneling Claws  
  130  7:41  Zergling x2  
  130  7:42  Zergling x14  
  130  7:43  Overlord x2  
  138  8:01  Overlord x4  
  138  8:02  Drone x3  
  138  8:03  Drone x3  
  138  8:04  Hive  
  144  8:23  Zerg Ground Armor Level 2, Zerg Missile Weapons Level 2  
  135  8:35  Roach  
  135  8:36  Roach x11  
  159  8:44  Baneling x9  
  159  8:45  Baneling x4  
  159  8:46  Roach  
  161  8:49  Roach  
  161  8:51  Ravager  
  161  8:52  Ravager x2  
  151  9:26  Ravager  
  151  9:27  Ravager x7  
  151  9:28  Zergling x18  
  151  9:29  Zergling x24  
  178  9:31  Overlord x2  
  172  10:04  Baneling  
  172  10:05  Baneling x16  
  172  10:06  Baneling  
  172  10:15  Adrenal Glands  
  170  10:24  Overseer x2  
  170  10:28  Baneling  
  170  10:29  Hatchery, Baneling x2  
  166  10:37  Hatchery  
  147  10:47  Roach  
  147  10:48  Roach x16  
  154  11:10  Roach  
  158  11:11  Roach x10  
  153  11:30  Roach x4  
  152  11:51  Spire  
  151  11:55  Roach x8, Ultralisk Cavern  
  151  11:56  Roach x4  
  174  12:07  Ravager  
  174  12:08  Ravager x2  
  177  12:09  Ravager  
  177  12:14  Overlord x3  
  178  12:18  Pathogen Glands  
  178  12:20  Drone  
  178  12:21  Drone  
  180  12:36  Overseer  
  180  12:39  Zerg Missile Weapons Level 3  
  180  12:44  Extractor  
  180  12:45  Extractor  
  178  12:52  Zerg Ground Armor Level 3  
  176  13:08  Drone x2  
  176  13:09  Drone  
  148  14:04  Roach  
  77  14:29  Roach  
  77  14:33  Roach  
  77  14:39  Ultralisk  
  77  14:40  Ultralisk x9  
  137  14:50  Roach x2  
  137  14:52  Roach  
  137  14:56  Roach  
  137  15:01  Zergling x6, Roach x2  
  137  15:02  Zergling x10, Roach x6  
  137  15:03  Zergling x2  
  160  15:18  Overlord x2  
  160  15:20  Roach x4  
  157  15:30  Chitinous Plating  
  157  15:35  Roach x3  
  163  15:58  Hydralisk Den, Overseer  
  162  16:05  Zergling x2  
  162  16:06  Zergling x22  
  147  16:31  Zerg Melee Weapons Level 1  
  135  16:33  Roach x2  
  135  16:36  Infestor  
  135  16:37  Infestor x7  
  127  16:48  Roach  
  113  16:59  Ultralisk  
  113  17:00  Ultralisk  
  103  17:33  Hydralisk x7  
  103  17:34  Hydralisk x4  
  123  17:59  Spore Crawler x2  
  123  18:01  Spore Crawler  
  123  18:02  Infestor x3, Spore Crawler x2  
  123  18:04  Spore Crawler  
  123  18:30  Overseer  
  123  18:34  Overseer  
  123  19:09  Zergling x2  
  124  19:10  Zergling x32  
  124  19:11  Zergling x26  
  153  19:32  Hatchery  
  151  19:50  Roach x10  
Show
View Real Time Build Order
Export as new Build Order

JohnMcClane Protoss - Winner!

Build Orders: Oracle Opening 

Get SALT Encoding   

  12  0:01  Probe (Chrono Boost)  
  13  0:11  Probe (Chrono Boost)  
  14  0:22  Pylon  
  14  0:24  Probe (Chrono Boost)  
  15  0:41  Probe (Chrono Boost)  
  15  0:42  Gateway  
  16  0:51  Probe (Chrono Boost)  
  16  0:53  Assimilator  
  17  1:02  Probe (Chrono Boost)  
  18  1:16  Pylon  
  18  1:33  Cybernetics Core  
  18  1:34  Probe (Chrono Boost)  
  19  1:45  Probe (Chrono Boost)  
  20  1:48  Gateway  
  20  1:55  Probe (Chrono Boost)  
  20  1:58  Nexus  
  21  2:06  Assimilator  
  21  2:14  Mothership Core (Chrono Boost)  
  23  2:17  Adept  
  25  2:31  Pylon, Warp Gate  
  24  2:44  Probe (Chrono Boost)  
  25  2:55  Probe (Chrono Boost)  
  26  3:05  Adept  
  28  3:06  Adept  
  28  3:10  Forge  
  30  3:14  Stargate  
  30  3:19  Probe (Chrono Boost)  
  31  3:27  Probe (Chrono Boost)  
  31  3:32  Probe (Chrono Boost)  
  33  3:38  Probe (Chrono Boost)  
  34  3:45  Pylon, Probe (Chrono Boost)  
  34  3:47  Gateway  
  35  3:54  Probe (Chrono Boost)  
  36  3:56  Probe (Chrono Boost)  
  36  3:57  Oracle (Chrono Boost)  
  40  4:17  Probe  
  41  4:31  Probe  
  40  4:49  Probe  
  41  4:53  Gateway  
  41  4:54  Gateway  
  41  4:55  Probe  
  38  5:01  Probe  
  38  5:06  Pylon  
  39  5:10  Pylon, Protoss Ground Weapons Level 1 (Chrono Boost)  
  39  5:13  Oracle  
  42  5:21  Gateway  
  42  5:27  Probe  
  42  5:29  Assimilator, Probe  
  42  5:32  Assimilator  
  44  5:38  Probe  
  44  5:41  Probe  
  46  5:51  Probe  
  46  5:53  Probe  
  48  6:05  Stalker x2  
  48  6:06  Stalker  
  54  6:24  Pylon  
  53  6:28  Stalker x3  
  53  6:31  Pylon  
  55  6:55  Stalker x3  
  55  6:56  Stalker x2  
  55  7:00  Photon Cannon  
  55  7:01  Probe  
  65  7:02  Probe  
  67  7:11  Pylon  
  64  7:54  Pylon  
  64  7:55  Stalker x6  
  76  8:00  Protoss Ground Armor Level 1 (Chrono Boost)  
  76  8:01  Twilight Council  
  76  8:04  Gateway  
  76  8:05  Pylon  
  76  8:17  Gateway  
  76  8:19  Gateway  
  73  8:43  Stalker x6  
  73  8:47  Blink (Chrono Boost)  
  85  8:52  Dark Shrine  
  85  9:10  Pylon x2  
  85  9:18  Pylon x2  
  85  9:23  Stalker x6  
  97  9:51  Protoss Ground Weapons Level 2 (Chrono Boost), Nexus  
  97  9:54  Pylon  
  97  10:12  Pylon  
  97  10:20  Dark Templar x3  
  67  10:54  Gateway  
  65  10:59  Dark Templar x3  
  65  11:00  Dark Templar x2  
  65  11:17  Dark Templar  
  57  11:25  Dark Templar  
  45  11:27  Zealot x2  
  49  11:46  Charge (Chrono Boost)  
  45  12:18  Nexus  
  45  12:20  Pylon, Nexus  
  45  12:22  Pylon  
  45  12:25  Stalker x3  
  51  12:33  Protoss Ground Armor Level 2 (Chrono Boost)  
  51  12:42  Photon Cannon  
  51  12:45  Gateway  
  51  12:55  Dark Templar  
  53  12:58  Dark Templar  
  51  13:13  Probe  
  51  13:14  Pylon, Gateway  
  51  13:15  Probe  
  53  13:27  Probe, Dark Templar x4  
  62  14:10  Assimilator  
  62  14:13  Photon Cannon  
  62  14:22  Stalker  
  62  14:23  Stalker x2, Dark Templar  
  62  14:24  Dark Templar  
  64  14:44  Assimilator  
  64  14:49  Dark Templar x3  
  64  15:07  Archon  
  64  15:08  Robotics Facility  
  64  15:10  Dark Templar  
  66  15:17  Dark Templar  
  68  15:34  Dark Templar  
  68  15:45  Nexus  
  68  15:48  Pylon  
  68  15:54  Dark Templar  
  68  15:55  Dark Templar  
  71  15:59  Zealot x3  
  68  16:15  Zealot x2  
  69  16:41  Archon  
  69  16:43  Dark Templar  
  69  16:44  Zealot x2  
  75  16:56  Archon  
  75  17:33  Gateway  
  75  17:35  Dark Templar x2  
  75  17:36  Dark Templar  
  81  17:39  Archon  
  81  17:42  Dark Templar  
  83  17:52  Archon  
  81  18:00  Pylon  
  78  18:31  Pylon  
  78  18:33  Pylon  
  78  18:35  Observer  
  69  18:49  Dark Templar  
  71  19:03  Assimilator  
  71  19:07  Assimilator  
  69  19:15  Observer  
  68  19:21  Zealot x5  
  78  19:47  Stalker x3  
  78  19:48  Stalker  
  86  19:56  Probe  
  85  20:14  Pylon  
  85  20:16  Pylon  
Tags
 
Add a new tag
Caveats
  • Supply blocks, unpowered buildings, or Contaminate may cause inaccurate times.
  • Supply counts are checked every 10 seconds.